[Event "European Womens-ch 2025"]
[Site "Rhodes"]
[Date "2025.04.01"]
[Round "2.1"]
[White "Mkrtchyan, Mariam"]
[Black "Batsiashvili, Nino"]
[Result "1/2-1/2"]
[Annotator "TA"]
[ECO "B42"]
[WhiteElo "2282"]
[BlackElo "2473"]
[PlyCount "49"]
[EventDate "2025.03.29"]
[EventType "swiss"]
[EventCountry "GRE"]
[SourceTitle "playchess.com"]
[Source "ChessBase"]
[SourceQuality "1"]
[TimeControl "40/5400+30:1800+30"]

1. e4 c5 2. Nf3 e6 3. d4 cxd4 4. Nxd4 a6 5. Bd3 Nc6 6. Nxc6 dxc6 7. O-O {[%emt 0:00:51] 7.Bf4 is the modern continuation.} e5 8. a4 Nf6 9. Nd2 {[%emt 0:04:21] B42: Sicilian: Kan Variation: 5 Bd3.} Bg4 10. Be2 $146 (10. Qe1 Bc5 11. Nc4 Qe7 12. h3 Bh5 13. Rb1 O-O 14. b4 Bd4 15. b5 axb5 16. axb5 Bg6 {½-½ Hedman,E (2396)-Neiksans,A (2458) Panevezys Cesnauskas Memorial-A 2009 (2)}) 10... Be6 11. Bc4 Bxc4 12. Nxc4 Qxd1 13. Rxd1 Bc5 14. Kf1 Nxe4 15. Re1 f5 (15... Nxf2 $2 {perishes.} 16. Rxe5+ (16. Nxe5 O-O-O $15) 16... Be7 17. Kxf2 $18) 16. f3 O-O $1 17. Be3 Bxe3 18. Rxe3 Nf6 19. Rxe5 Nd5 20. a5 Rad8 21. Rd1 g6 22. c3 Rd7 23. g3 Rfd8 24. Kf2 Kf8 25. Re2 {[%emt 0:06:55] Weighted Error Value: White=0.05 (flawless) /Black=0.03 (flawless)   Inaccurate:     	White=1     	---        OK:         	White=6     	Black=10     Strong:       	---       	Black=1} 1/2-1/2

[Event "European Womens-ch 2025"]
[Site "Rhodes"]
[Date "2025.04.01"]
[Round "2.2"]
[White "Avramidou, Anastasia"]
[Black "Arabidze, Meri"]
[Result "1/2-1/2"]
[Annotator "TA"]
[ECO "C45"]
[WhiteElo "2275"]
[BlackElo "2447"]
[PlyCount "51"]
[EventDate "2025.03.29"]
[EventType "swiss"]
[EventCountry "GRE"]
[SourceTitle "playchess.com"]
[Source "ChessBase"]
[SourceQuality "1"]
[TimeControl "40/5400+30:1800+30"]

1. e4 e5 2. Nf3 Nc6 3. d4 exd4 4. Nxd4 Bc5 5. Nb3 Bb6 6. Qe2 {[%emt 0:00:12] C45: Scotch Game.} d6 7. Be3 Nf6 (7... Qh4 {feels hotter.} 8. Nc3 Bg4 9. Qd2 Nf6) 8. Bxb6 axb6 9. Nc3 Be6 10. g3 $146 (10. Rd1 Qe7 11. g3 O-O 12. Bg2 Rfe8 13. O-O Bg4 14. f3 Bh5 15. g4 Bg6 16. g5 {½-½ Stepankova,L (1592)-Koutecka,M (1482) CZE-ch U12 Girls 2024 (7)}) 10... O-O 11. Bg2 Qd7 (11... Re8 $11) 12. O-O Bh3 13. Rfe1 Rfe8 14. Rad1 Re7 15. Bxh3 {[%emt 0:10:12] Successful Defense White} Qxh3 16. f3 h5 17. Nd4 Nxd4 18. Rxd4 Ra5 19. Red1 g6 20. a3 Rae5 21. Qf2 Re8 22. b3 Qd7 23. a4 Qc6 24. Rc4 Rc5 25. Rxc5 bxc5 26. Qf1 {[%emt 0:01:23] Weighted Error Value: White=0.09 (flawless) /Black=0.14 (very precise)   Mistake:       	---       	Black=1      Inaccurate:     	White=4     	Black=2      OK:         	White=7     	Black=3} 1/2-1/2

[Event "European Womens-ch 2025"]
[Site "Rhodes"]
[Date "2025.04.01"]
[Round "2.3"]
[White "Allahverdiyeva, Ayan"]
[Black "Ushenina, Anna"]
[Result "1/2-1/2"]
[Annotator "RC"]
[ECO "B29"]
[WhiteElo "2266"]
[BlackElo "2428"]
[PlyCount "76"]
[EventDate "2025.03.29"]
[EventType "swiss"]
[EventCountry "GRE"]
[SourceTitle "playchess.com"]
[Source "ChessBase"]
[SourceQuality "1"]
[TimeControl "40/5400+30:1800+30"]

1. e4 c5 2. Nf3 Nf6 3. e5 Nd5 4. Nc3 e6 5. Ne4 d6 6. exd6 Bxd6 7. Bb5+ Nc6 8. Bxc6+ bxc6 9. Nxd6+ Qxd6 10. O-O O-O 11. Re1 f6 12. d3 e5 13. Nd2 Be6 14. Ne4 Qe7 15. c4 Nb6 16. Be3 Nd7 17. Qb3 f5 18. Nxc5 f4 19. Nxd7 Bxd7 20. Bd4 Rf5 21. f3 Rg5 22. Kh1 Re8 23. Bg1 Bf5 24. Re2 Qd7 25. Rd1 h6 26. Qa3 e4 27. Qxa7 exf3 28. Qxd7 Rxe2 29. Qd8+ Kh7 30. Bd4 Rgxg2 31. Qh4 Rg4 32. Qd8 Rgg2 33. Bg1 Rg5 34. Qd4 Bh3 35. Bf2 Bg2+ 36. Kg1 Bh3+ 37. Kh1 Bg2+ 38. Kg1 Bh3+ 1/2-1/2

[Event "European Womens-ch 2025"]
[Site "Rhodes"]
[Date "2025.04.01"]
[Round "2.4"]
[White "Smietanska, Wiktoria"]
[Black "Khotenashvili, Bella"]
[Result "0-1"]
[Annotator "RC"]
[ECO "B19"]
[WhiteElo "2254"]
[BlackElo "2418"]
[PlyCount "110"]
[EventDate "2025.03.29"]
[EventType "swiss"]
[EventCountry "GRE"]
[SourceTitle "playchess.com"]
[Source "ChessBase"]
[SourceQuality "1"]
[TimeControl "40/5400+30:1800+30"]

1. e4 c6 2. d4 d5 3. Nd2 dxe4 4. Nxe4 Bf5 5. Ng3 Bg6 6. h4 h6 7. Nf3 Nd7 8. h5 Bh7 9. Bd3 Bxd3 10. Qxd3 Ngf6 11. Bd2 Qc7 12. O-O-O e6 13. Ne4 Be7 14. Kb1 O-O-O 15. g3 Qb6 16. c4 Qa6 17. b3 Ng4 18. Qe2 f5 19. Nc3 Rhe8 20. Ne5 Ndxe5 21. dxe5 Bc5 22. Ne4 Qb6 23. Rhf1 fxe4 24. Qxg4 Rd3 25. Qxe4 Rxb3+ 26. axb3 Qxb3+ 27. Ka1 Qa3+ 28. Kb1 Qb3+ 29. Ka1 Rd8 30. Be3 Qa3+ 31. Kb1 Qb3+ 32. Ka1 Rxd1+ 33. Rxd1 Qxd1+ 34. Kb2 Qe2+ 35. Kb1 Qe1+ 36. Kc2 Qe2+ 37. Kb1 Bxe3 38. fxe3 Qxh5 39. Qd4 Qf5+ 40. Kb2 Qf2+ 41. Kb1 Qxg3 42. Qc5 Qe1+ 43. Kc2 Qf2+ 44. Kd3 Qf1+ 45. Kd2 a6 46. Kc3 Qf7 47. Qd6 h5 48. c5 h4 49. Qd4 g5 50. Qg4 Qf5 51. Qh5 Qxe5+ 52. Kb4 Qb2+ 53. Kc4 Qb5+ 54. Kd4 Qb4+ 55. Kd3 Qxc5 0-1

[Event "European Womens-ch 2025"]
[Site "Rhodes"]
[Date "2025.04.01"]
[Round "2.5"]
[White "Schneider, Jana"]
[Black "Beydullayeva, Govhar"]
[Result "0-1"]
[Annotator "RC"]
[ECO "B90"]
[WhiteElo "2251"]
[BlackElo "2400"]
[PlyCount "84"]
[EventDate "2025.03.29"]
[EventType "swiss"]
[EventCountry "GRE"]
[SourceTitle "playchess.com"]
[Source "ChessBase"]
[SourceQuality "1"]
[TimeControl "40/5400+30:1800+30"]

1. e4 c5 2. Nf3 d6 3. d4 cxd4 4. Nxd4 Nf6 5. Nc3 a6 6. Be3 e5 7. Nf3 Be7 8. h3 O-O 9. g4 Be6 10. g5 Ne8 11. Qd2 Nd7 12. O-O-O b5 13. h4 Nc7 14. Bh3 b4 15. Nd5 Nxd5 16. exd5 Bxh3 17. Rxh3 Qa5 18. Kb1 e4 19. Ng1 f5 20. Ne2 Rab8 21. Nf4 Ne5 22. Bd4 Rfc8 23. Qe2 Qb5 24. Qxb5 Rxb5 25. b3 Bd8 26. c4 bxc3 27. Rxc3 Rxc3 28. Bxc3 Bb6 29. Bd4 Nd3 30. Bxb6 Nxf4 31. Ba7 Nd3 32. Rd2 Rxd5 33. Rc2 f4 34. Rc4 e3 35. fxe3 f3 36. Rc8+ Kf7 37. Rc7+ Ke6 38. e4 Rc5 39. Bxc5 dxc5 40. Rc8 f2 41. Rf8 Ke5 42. Re8+ Kd4 0-1

[Event "European Womens-ch 2025"]
[Site "Rhodes"]
[Date "2025.04.01"]
[Round "2.6"]
[White "Danielian, Elina"]
[Black "Wikar, Martyna"]
[Result "1-0"]
[Annotator "RC"]
[ECO "E14"]
[WhiteElo "2398"]
[BlackElo "2239"]
[PlyCount "77"]
[EventDate "2025.03.29"]
[EventType "swiss"]
[EventCountry "GRE"]
[SourceTitle "playchess.com"]
[Source "ChessBase"]
[SourceQuality "1"]
[TimeControl "40/5400+30:1800+30"]

1. d4 Nf6 2. c4 e6 3. Nc3 d5 4. Nf3 a6 5. e3 Nbd7 6. b3 b6 7. Bd3 Bb7 8. O-O Bd6 9. Bb2 O-O 10. Rc1 dxc4 11. bxc4 e5 12. Bf5 Re8 13. Bxd7 Nxd7 14. d5 Nc5 15. e4 Bc8 16. Ne1 Qh4 17. f3 f5 18. Qc2 Rf8 19. g3 Qh6 20. Ng2 Bd7 21. Rce1 b5 22. Bc1 Qh3 23. cxb5 axb5 24. exf5 Bxf5 25. Ne4 Ra4 26. Ne3 Bg6 27. Qe2 Nxe4 28. fxe4 Bxe4 29. Rxf8+ Bxf8 30. Qxb5 Rxa2 31. Bb2 Qh6 32. d6 Rxb2 33. Qxb2 cxd6 34. Qb3+ d5 35. Nxd5 Bc5+ 36. Ne3+ Kf8 37. Qb8+ Kf7 38. Qc7+ Be7 39. Qc4+ 1-0

[Event "European Womens-ch 2025"]
[Site "Rhodes"]
[Date "2025.04.01"]
[Round "2.8"]
[White "Urh, Zala"]
[Black "Fataliyeva, Ulviyya"]
[Result "1-0"]
[Annotator "RC"]
[ECO "E11"]
[WhiteElo "2244"]
[BlackElo "2387"]
[PlyCount "114"]
[EventDate "2025.03.29"]
[EventType "swiss"]
[EventCountry "GRE"]
[SourceTitle "playchess.com"]
[Source "ChessBase"]
[SourceQuality "1"]
[TimeControl "40/5400+30:1800+30"]

1. d4 Nf6 2. c4 e6 3. Nf3 d5 4. g3 Bb4+ 5. Bd2 Be7 6. Bg2 O-O 7. O-O Nbd7 8. Qc2 c6 9. b3 Ne4 10. Bf4 f5 11. Nc3 Bf6 12. Rfd1 g5 13. Be3 Qe7 14. Ne1 Qg7 15. f3 Nd6 16. Bf2 dxc4 17. bxc4 c5 18. e3 Nxc4 19. Nb5 Ndb6 20. Bf1 cxd4 21. exd4 Na5 22. Qd2 Nc6 23. Rab1 Rd8 24. Nc2 Nd5 25. Nc3 b6 26. Nxd5 exd5 27. Bb5 Na5 28. Re1 Nc4 29. Qd3 Bd7 30. Bxc4 dxc4 31. Qxc4+ Qf7 32. Qd3 Qxa2 33. Ne3 f4 34. Nf5 Qd5 35. Re5 Bxf5 36. Rxf5 Qd6 37. gxf4 gxf4 38. Kh1 Rd7 39. Qe4 Rf8 40. Rxf4 Re7 41. Rg1+ Kh8 42. Rxf6 Qxf6 43. Bh4 Rxe4 44. Bxf6+ Rxf6 45. fxe4 Rf4 46. Re1 Kg7 47. Kg2 Rf7 48. e5 Rc7 49. Kf3 Kf7 50. d5 Rc3+ 51. Ke4 Rh3 52. Rf1+ Ke8 53. e6 Rxh2 54. Ke5 h5 55. Kd6 Re2 56. Rc1 Kf8 57. Rc8+ Kg7 1-0

[Event "European Womens-ch 2025"]
[Site "Rhodes"]
[Date "2025.04.01"]
[Round "2.9"]
[White "Narva, Mai"]
[Black "Velikic, Adela"]
[Result "1-0"]
[Annotator "RC"]
[ECO "B12"]
[WhiteElo "2380"]
[BlackElo "2214"]
[PlyCount "73"]
[EventDate "2025.03.29"]
[EventType "swiss"]
[EventCountry "GRE"]
[SourceTitle "playchess.com"]
[Source "ChessBase"]
[SourceQuality "1"]
[TimeControl "40/5400+30:1800+30"]

1. e4 c6 2. d4 d5 3. e5 c5 4. Nf3 cxd4 5. Qxd4 e6 6. Bd3 Nc6 7. Qf4 Nb4 8. Nc3 Nxd3+ 9. cxd3 Ne7 10. h4 Nc6 11. O-O b6 12. Be3 Qd7 13. a3 Ba6 14. Rfd1 Rd8 15. Ne2 Ne7 16. Ned4 Rc8 17. Ng5 Ng6 18. Qg3 Ne7 19. h5 h6 20. Ngf3 g5 21. hxg6 Nxg6 22. Rd2 Rg8 23. Qh3 Bg7 24. Qh5 Qe7 25. b4 Rc3 26. b5 Bb7 27. a4 Bf8 28. a5 Qc7 29. axb6 axb6 30. Ra7 Bc5 31. Nc6 Bxe3 32. fxe3 Rc1+ 33. Kh2 Rc5 34. Nfd4 Kd7 35. Rda2 Nxe5 36. Nxe5+ Kc8 37. Ra8+ 1-0

[Event "European Womens-ch 2025"]
[Site "Rhodes"]
[Date "2025.04.01"]
[Round "2.10"]
[White "Gevorgyan, Maria"]
[Black "Vega Gutierrez, Sabrina"]
[Result "1/2-1/2"]
[Annotator "RC"]
[ECO "B46"]
[WhiteElo "2234"]
[BlackElo "2380"]
[PlyCount "163"]
[EventDate "2025.03.29"]
[EventType "swiss"]
[EventCountry "GRE"]
[SourceTitle "playchess.com"]
[Source "ChessBase"]
[SourceQuality "1"]
[TimeControl "40/5400+30:1800+30"]

1. e4 c5 2. Nf3 e6 3. d4 cxd4 4. Nxd4 Nc6 5. Nc3 a6 6. Be3 Nf6 7. a3 Be7 8. Be2 O-O 9. O-O d6 10. f4 Bd7 11. Qe1 e5 12. fxe5 dxe5 13. Nf5 Bxf5 14. exf5 e4 15. Rd1 Qc7 16. g4 h6 17. h4 Ne5 18. g5 Nfg4 19. Bxg4 Nxg4 20. Bf4 Qc5+ 21. Kg2 e3 22. Rd5 Qb6 23. Kg3 h5 24. Rd7 Rfe8 25. Nd5 Qc5 26. Nxe7+ Rxe7 27. b4 Qxc2 28. Rxe7 Qh2+ 29. Kf3 Qh3+ 30. Ke4 Qg2+ 31. Kd3 Rd8+ 32. Kc3 Qc6+ 33. Kb2 Rd2+ 34. Qxd2 exd2 35. Rd1 Qf3 36. Rxd2 Qxf4 37. Rd8+ Kh7 38. Rxf7 Qe5+ 39. Kb3 Qg3+ 40. Ka4 b5+ 41. Ka5 Ne5 42. Rc7 Qxh4 43. Rcc8 Ng6 44. fxg6+ Kxg6 45. Rd5 Qe4 46. Rc6+ Kh7 47. Rdc5 h4 48. Rxa6 h3 49. Rc8 Qg2 50. g6+ Kh6 51. Rb6 Qf3 52. Kxb5 Qd3+ 53. Ka4 Qd7+ 54. Rbc6 h2 55. Rh8+ Kg5 56. Kb5 Qd2 57. a4 Qg2 58. a5 h1=Q 59. Rxh1 Qxh1 60. a6 Qa1 61. Kb6 Qd4+ 62. Rc5+ Kxg6 63. b5 Qd8+ 64. Rc7 Qb8+ 65. Rb7 Qd8+ 66. Ka7 Kf5 67. b6 g5 68. Rc7 g4 69. Rg7 Qd4 70. Rg8 Kf6 71. Rf8+ Kg7 72. Rc8 g3 73. Kb7 g2 74. Rc1 Qe3 75. Rc7+ Kh6 76. a7 Qe4+ 77. Rc6+ Qxc6+ 78. Kxc6 g1=Q 79. Kc7 Qc5+ 80. Kb7 Qd5+ 81. Kb8 Qd8+ 82. Kb7 1/2-1/2

[Event "European Womens-ch 2025"]
[Site "Rhodes"]
[Date "2025.04.01"]
[Round "2.11"]
[White "Maltsevskaya, Aleksandra"]
[Black "Dwilewicz, Katarzyna"]
[Result "1/2-1/2"]
[Annotator "RC"]
[ECO "C50"]
[WhiteElo "2376"]
[BlackElo "2203"]
[PlyCount "203"]
[EventDate "2025.03.29"]
[EventType "swiss"]
[EventCountry "GRE"]
[SourceTitle "playchess.com"]
[Source "ChessBase"]
[SourceQuality "1"]
[TimeControl "40/5400+30:1800+30"]

1. e4 e5 2. Nf3 Nc6 3. Bc4 Bc5 4. O-O Nf6 5. d3 d6 6. h3 a6 7. a4 h6 8. c3 Ba7 9. d4 Qe7 10. Be3 g5 11. dxe5 dxe5 12. Bxa7 Nxa7 13. Nbd2 Rg8 14. Qb3 Nc6 15. Bd5 Nd7 16. Bxc6 bxc6 17. Qc4 Rg6 18. a5 h5 19. b4 g4 20. hxg4 hxg4 21. Nh2 Bb7 22. Rfd1 g3 23. fxg3 O-O-O 24. Ndf1 c5 25. Ra2 Qe6 26. Qxe6 Rxe6 27. Rf2 cxb4 28. cxb4 Nf6 29. Rxd8+ Kxd8 30. Nd2 Ke7 31. Nhf3 Ng4 32. Rf1 Rc6 33. Nb3 Rc4 34. Nc5 Rxb4 35. Rc1 Kd6 36. Ng5 f6 37. Nge6 Bc8 38. Nxc7 Rd4 39. Nd5 Rd2 40. Nb6 Be6 41. Nxa6 Ne3 42. Nc5 Rxg2+ 43. Kh1 Ra2 44. Nxe6 Kxe6 45. Rc6+ Kf7 46. Nd7 Ng4 47. a6 Nf2+ 48. Kg2 Ke7 49. Nb6 Nxe4+ 50. Kf3 Nd2+ 51. Kg4 Kf7 52. Nd5 Ne4 53. Rc4 f5+ 54. Kh3 Ng5+ 55. Kh4 Nf3+ 56. Kh5 Rh2+ 57. Rh4 Nxh4 58. gxh4 Ra2 59. Nb4 Ra4 60. a7 e4 61. Kg5 Ke6 62. Kf4 Rxa7 63. Nc2 Kf6 64. Ne3 Rh7 65. Nxf5 Rh5 66. Nd6 Rxh4+ 67. Kg3 Kg5 68. Nf7+ Kh5 69. Ne5 Rh1 70. Kf4 Rh4+ 71. Kg3 e3 72. Nd3 Kg5 73. Ne1 Rh1 74. Nc2 e2 75. Kf2 Rh2+ 76. Kf3 Kh4 77. Ne1 Kg5 78. Nc2 Kf6 79. Ne1 Ke5 80. Kg3 Rh1 81. Kf2 Ke4 82. Kxe2 Rh2+ 83. Kd1 Rf2 84. Nc2 Kd3 85. Ne1+ Kc3 86. Kc1 Re2 87. Kd1 Rd2+ 88. Kc1 Rd8 89. Nf3 Rf8 90. Ne1 Rf2 91. Kd1 Ra2 92. Nf3 Kd3 93. Ne1+ Kc3 94. Nf3 Rf2 95. Ne1 Rd2+ 96. Kc1 Re2 97. Kd1 Re3 98. Ng2 Rg3 99. Ne1 Kd4 100. Ke2 Ke4 101. Kd2 Rh3 102. Nc2 1/2-1/2

[Event "European Womens-ch 2025"]
[Site "Rhodes"]
[Date "2025.04.01"]
[Round "2.12"]
[White "Zherebtsova, Alexandra"]
[Black "Atalik, Ekaterina"]
[Result "1-0"]
[Annotator "RC"]
[ECO "D73"]
[WhiteElo "2229"]
[BlackElo "2375"]
[PlyCount "91"]
[EventDate "2025.03.29"]
[EventType "swiss"]
[EventCountry "GRE"]
[SourceTitle "playchess.com"]
[Source "ChessBase"]
[SourceQuality "1"]
[TimeControl "40/5400+30:1800+30"]

1. d4 d5 2. c4 dxc4 3. Nf3 c6 4. g3 Nf6 5. Bg2 g6 6. O-O Bg7 7. a4 O-O 8. Na3 Na6 9. Nxc4 Be6 10. b3 Bd5 11. Bb2 Ne4 12. Nfe5 Nd6 13. Nxd6 exd6 14. e4 Be6 15. Nd3 Qb6 16. d5 cxd5 17. exd5 Bf5 18. a5 Qd8 19. Bxg7 Kxg7 20. Nb2 Qf6 21. Nc4 Rfe8 22. g4 Bd7 23. g5 Qxg5 24. Nxd6 Re7 25. f4 Qh4 26. Qd4+ f6 27. Rf2 Bh3 28. Bxh3 Qxh3 29. Ne4 Qf5 30. Ng3 Qg4 31. d6 Rf7 32. Re1 Rd8 33. Rg2 Nb8 34. Qxa7 Kg8 35. Qb6 Rfd7 36. Ne4 Qh4 37. Qb4 f5 38. Ng5 Nc6 39. Qc4+ Kg7 40. Qc3+ Kg8 41. Rge2 Rf8 42. Re8 Rd8 43. R8e7 Nxe7 44. dxe7 Qxf4 45. exf8=Q+ Rxf8 46. Ne6 1-0

[Event "European Womens-ch 2025"]
[Site "Rhodes"]
[Date "2025.04.01"]
[Round "2.13"]
[White "Rudzinska, Michalina"]
[Black "Socko, Monika"]
[Result "0-1"]
[Annotator "RC"]
[ECO "C07"]
[WhiteElo "2223"]
[BlackElo "2369"]
[PlyCount "97"]
[EventDate "2025.03.29"]
[EventType "swiss"]
[EventCountry "GRE"]
[SourceTitle "playchess.com"]
[Source "ChessBase"]
[SourceQuality "1"]
[TimeControl "40/5400+30:1800+30"]

1. e4 e6 2. d4 d5 3. Nd2 c5 4. Ngf3 Nf6 5. exd5 Qxd5 6. Bc4 Qd6 7. O-O cxd4 8. Nb3 Nc6 9. Nbxd4 Nxd4 10. Nxd4 Be7 11. Nb5 Qxd1 12. Rxd1 O-O 13. Be3 a6 14. Nd6 Bxd6 15. Rxd6 Bd7 16. Bd4 Bc6 17. Bxf6 gxf6 18. Rad1 Rfc8 19. R1d4 Kf8 20. c3 Ke7 21. f4 Rg8 22. g3 h5 23. Be2 h4 24. Kf2 e5 25. fxe5 fxe5 26. Rd1 hxg3+ 27. hxg3 Rh8 28. Bf3 e4 29. Be2 Rh2+ 30. Ke3 Rg8 31. g4 Rgh8 32. R6d2 R8h3+ 33. Kd4 Rg3 34. Bc4 Rxd2+ 35. Rxd2 Rxg4 36. Bd5 Bxd5 37. Kxd5 Kf6 38. Rf2+ Kg6 39. Ke5 e3 40. Re2 f6+ 41. Kd5 Rg3 42. Ke4 Kg5 43. a4 f5+ 44. Kd3 Kg4 45. b4 f4 46. Re1 Rg2 47. Ke4 e2 48. b5 f3 49. Kd4 0-1

[Event "European Womens-ch 2025"]
[Site "Rhodes"]
[Date "2025.04.01"]
[Round "2.14"]
[White "Roebers, Eline"]
[Black "Mgeladze, Kesaria"]
[Result "1-0"]
[Annotator "RC"]
[ECO "E73"]
[WhiteElo "2367"]
[BlackElo "2200"]
[PlyCount "65"]
[EventDate "2025.03.29"]
[EventType "swiss"]
[EventCountry "GRE"]
[SourceTitle "playchess.com"]
[Source "ChessBase"]
[SourceQuality "1"]
[TimeControl "40/5400+30:1800+30"]

1. d4 Nf6 2. c4 g6 3. Nc3 Bg7 4. e4 d6 5. Be2 O-O 6. Be3 c5 7. d5 e6 8. Nf3 exd5 9. cxd5 Nbd7 10. Nd2 Ne5 11. h3 Ne8 12. O-O f5 13. f4 Nf7 14. Bf2 Nh6 15. e5 dxe5 16. Bxc5 Nd6 17. Nc4 Nhf7 18. fxe5 Bxe5 19. Nxe5 Nxe5 20. Qd4 Nef7 21. Bxa7 Re8 22. Rae1 Bd7 23. Bd3 Qg5 24. Rxe8+ Rxe8 25. Qf4 Qxf4 26. Rxf4 Ne5 27. Bf1 g5 28. Rb4 f4 29. Bc5 Nf5 30. Ne4 Kg7 31. Rxb7 h6 32. Nd6 Ng3 33. Nxe8+ 1-0

[Event "European Womens-ch 2025"]
[Site "Rhodes"]
[Date "2025.04.01"]
[Round "2.15"]
[White "Lehaci, Miruna-Daria"]
[Black "Bulmaga, Irina"]
[Result "0-1"]
[Annotator "RC"]
[ECO "B11"]
[WhiteElo "2212"]
[BlackElo "2362"]
[PlyCount "150"]
[EventDate "2025.03.29"]
[EventType "swiss"]
[EventCountry "GRE"]
[SourceTitle "playchess.com"]
[Source "ChessBase"]
[SourceQuality "1"]
[TimeControl "40/5400+30:1800+30"]

1. e4 c6 2. Nf3 d5 3. Nc3 Bg4 4. h3 Bxf3 5. Qxf3 e6 6. Be2 g6 7. d4 Bg7 8. e5 Nd7 9. O-O a6 10. Nd1 c5 11. c3 Ne7 12. Ne3 cxd4 13. cxd4 O-O 14. Nc2 f6 15. exf6 Nxf6 16. Qb3 Qd7 17. Bd3 Nc6 18. Be3 Nh5 19. Rfe1 Rac8 20. Be2 Nf6 21. Qd3 Rf7 22. Rec1 Rcf8 23. Rf1 Ne4 24. Rad1 Qe7 25. Ne1 Rf5 26. Bg4 R5f7 27. Be2 Qb4 28. Bg4 Rf6 29. b3 h6 30. Bf3 Nd6 31. Qd2 Qb6 32. Nc2 Kh7 33. Rfe1 Qd8 34. Qe2 R6f7 35. Bc1 e5 36. dxe5 Nxe5 37. Bxd5 Rxf2 38. Qxf2 Rxf2 39. Kxf2 Nf5 40. Ne3 Qb6 41. Kf1 Ng3+ 42. Kf2 Nf5 43. Kf1 Ng3+ 44. Kf2 Nh5 45. g3 Qc7 46. Rf1 Nc6 47. Rg1 Be5 48. Nf1 Nb4 49. Bc4 Nxa2 50. Bd2 b5 51. Bd5 Nc3 52. Bxc3 Qxc3 53. Rg2 Bd4+ 54. Ke2 Nf6 55. Bf3 Nd7 56. g4 Nc5 57. Bd5 Bf6 58. Rf2 Kg7 59. Rf3 Qb2+ 60. Rd2 Qa1 61. Rd1 Qa2+ 62. Rd2 Qa5 63. Ng3 Qc7 64. Kf2 Nd7 65. Kg2 Ne5 66. Rf1 a5 67. Rff2 Bh4 68. Rc2 Qd6 69. Rfd2 Bxg3 70. Be4 Qb4 71. Bd5 Bf4 72. Rc7+ Kf6 73. Rdc2 Qd4 74. R7c5 Nd3 75. Rc6+ Kg7 0-1

[Event "European Womens-ch 2025"]
[Site "Rhodes"]
[Date "2025.04.01"]
[Round "2.16"]
[White "Mamedjarova, Turkan"]
[Black "Savina, Anastasia"]
[Result "1/2-1/2"]
[Annotator "RC"]
[ECO "C01"]
[WhiteElo "2206"]
[BlackElo "2331"]
[PlyCount "36"]
[EventDate "2025.03.29"]
[EventType "swiss"]
[EventCountry "GRE"]
[SourceTitle "playchess.com"]
[Source "ChessBase"]
[SourceQuality "1"]
[TimeControl "40/5400+30:1800+30"]

1. e4 e5 2. d4 exd4 3. c3 d5 4. exd5 Nf6 5. cxd4 Nxd5 6. Nc3 Bb4 7. Qb3 Nc6 8. Bb5 O-O 9. Nge2 Be6 10. Bxc6 Nxc3 11. Qxb4 Nxe2 12. Kxe2 bxc6 13. Re1 Qh4 14. h3 Rfe8 15. Kf1 Bxh3 16. gxh3 Qxh3+ 17. Kg1 Qg4+ 18. Kf1 Qh3+ 1/2-1/2

[Event "European Womens-ch 2025"]
[Site "Rhodes"]
[Date "2025.04.01"]
[Round "2.17"]
[White "Brunello, Marina"]
[Black "Prado Acebo, Ines"]
[Result "1-0"]
[Annotator "RC"]
[ECO "A14"]
[WhiteElo "2330"]
[BlackElo "2199"]
[PlyCount "45"]
[EventDate "2025.03.29"]
[EventType "swiss"]
[EventCountry "GRE"]
[SourceTitle "playchess.com"]
[Source "ChessBase"]
[SourceQuality "1"]
[TimeControl "40/5400+30:1800+30"]

1. Nf3 d5 2. g3 Nf6 3. Bg2 e6 4. O-O Be7 5. c4 dxc4 6. Na3 Bxa3 7. bxa3 Nc6 8. Qc2 O-O 9. Qxc4 e5 10. d3 Be6 11. Qb5 Qd5 12. Qxb7 Rab8 13. Qa6 Rb6 14. Qa4 e4 15. Be3 Rb2 16. Ng5 Bd7 17. Nxe4 Nxe4 18. Bxe4 Qe6 19. Rac1 Ne5 20. Qxa7 Rxe2 21. Rxc7 Bc8 22. Qc5 Ng4 23. Bd5 1-0

[Event "European Womens-ch 2025"]
[Site "Rhodes"]
[Date "2025.04.01"]
[Round "2.18"]
[White "Gaboyan, Susanna"]
[Black "Toncheva, Nadya"]
[Result "1/2-1/2"]
[Annotator "RC"]
[ECO "B30"]
[WhiteElo "2200"]
[BlackElo "2329"]
[PlyCount "52"]
[EventDate "2025.03.29"]
[EventType "swiss"]
[EventCountry "GRE"]
[SourceTitle "playchess.com"]
[Source "ChessBase"]
[SourceQuality "1"]
[TimeControl "40/5400+30:1800+30"]

1. e4 c5 2. Nf3 Nc6 3. Bb5 e6 4. O-O Nge7 5. c3 a6 6. Ba4 b5 7. Bc2 d5 8. d4 cxd4 9. a4 b4 10. cxd4 dxe4 11. Bxe4 Nd5 12. Bg5 Be7 13. Bxe7 Ncxe7 14. Nbd2 Ra7 15. Nb3 Nf6 16. Bd3 O-O 17. Nc5 Qd6 18. Qe2 a5 19. Rfd1 Ng6 20. Bxg6 hxg6 21. Ne5 Bb7 22. Nc4 Qd5 23. Ne3 Qd6 24. Nc4 Qd5 25. Ne3 Qd6 26. Nc4 Qd5 1/2-1/2

[Event "European Womens-ch 2025"]
[Site "Rhodes"]
[Date "2025.04.01"]
[Round "2.19"]
[White "Zawadzka, Jolanta"]
[Black "Kirtadze, Anastasia"]
[Result "0-1"]
[Annotator "RC"]
[ECO "B40"]
[WhiteElo "2326"]
[BlackElo "2180"]
[PlyCount "78"]
[EventDate "2025.03.29"]
[EventType "swiss"]
[EventCountry "GRE"]
[SourceTitle "playchess.com"]
[Source "ChessBase"]
[SourceQuality "1"]
[TimeControl "40/5400+30:1800+30"]

1. e4 c5 2. Nf3 e6 3. g3 Nc6 4. Bg2 Nf6 5. Nc3 e5 6. Nd5 d6 7. O-O Be7 8. Re1 O-O 9. c3 Be6 10. Nxe7+ Qxe7 11. h3 c4 12. d4 cxd3 13. Bg5 h6 14. Bxf6 Qxf6 15. Qxd3 Rad8 16. Nd2 Qe7 17. Nf1 Qd7 18. g4 Ne7 19. Ng3 Ng6 20. Qe3 b6 21. a4 Nf4 22. a5 b5 23. Red1 g6 24. Ne2 Nxe2+ 25. Qxe2 f5 26. exf5 gxf5 27. gxf5 Bxf5 28. Kh2 Kh8 29. a6 Be6 30. Qe3 Rf4 31. Rd4 Rf6 32. Rd2 Rg8 33. Rg1 Qg7 34. Rxd6 Rg6 35. Qe4 Qf6 36. Rd2 Bf5 37. Qe3 Qg7 38. f4 exf4 39. Qxf4 Bc8 0-1

[Event "European Womens-ch 2025"]
[Site "Rhodes"]
[Date "2025.04.01"]
[Round "2.20"]
[White "Ibrahimova, Sabina"]
[Black "Antolak, Julia"]
[Result "1/2-1/2"]
[Annotator "RC"]
[ECO "D31"]
[WhiteElo "2199"]
[BlackElo "2314"]
[PlyCount "92"]
[EventDate "2025.03.29"]
[EventType "swiss"]
[EventCountry "GRE"]
[SourceTitle "playchess.com"]
[Source "ChessBase"]
[SourceQuality "1"]
[TimeControl "40/5400+30:1800+30"]

1. c4 e6 2. Nc3 d5 3. d4 c6 4. e4 dxe4 5. Nxe4 Bb4+ 6. Bd2 Qxd4 7. Bxb4 Qxe4+ 8. Be2 Na6 9. Bd6 Qxg2 10. Bf3 Qg5 11. Ne2 Ne7 12. Rg1 Qa5+ 13. Nc3 Nf5 14. Qd2 Nxd6 15. Qxd6 Qc5 16. Qd2 Qe5+ 17. Ne4 O-O 18. O-O-O f5 19. Ng3 Rf7 20. Nh5 Bd7 21. Rde1 Qc5 22. Nxg7 Qxc4+ 23. Kd1 Kh8 24. Bh5 Rff8 25. b3 Qd5 26. Qxd5 exd5 27. Re7 Rad8 28. Bf7 Nc5 29. Nh5 Be8 30. Bxe8 Rdxe8 31. Rc7 Re6 32. Rgg7 Rh6 33. Nf4 Re8 34. Rgf7 Rxh2 35. b4 Ne4 36. Nd3 Rh1+ 37. Kc2 Nd6 38. Rfe7 Rxe7 39. Rxe7 h5 40. Nf4 h4 41. Rd7 Ne4 42. f3 Nf2 43. Nh5 Kg8 44. Nf6+ Kf8 45. Nh7+ Ke8 46. Nf6+ Kf8 1/2-1/2